 Dungeon Crawl Stone Soup version 0.31-a0-1300-gb6740aa4e6 (webtiles) character file.

Game seed: 5455164140474572589

142 thriggle the Conjurer (level 5, -2/29 HPs)
             Began as a Kobold Conjurer on Dec 18, 2023.
             Slain by an orc priest
             ... wielding a +0 mace
              (5 damage)
             ... on level 3 of the Dungeon.
             The game lasted 00:10:10 (2447 turns).

thriggle the Conjurer (Kobold Conjurer)             Turns: 2447, Time: 00:10:11

Health: -2/29      AC:  7    Str:  4    XL:     5   Next: 49%
Magic:  3/8        EV: 14    Int: 19    God:
Gold:   171        SH:  0    Dex: 16    Spells: 5/9 levels left

rFire   . . .        h - +0 rapier
rCold   . . .        (no shield)
rNeg    . . .        j - +0 leather armour
rPois   +            k - +1 helmet
rElec   .            (no cloak)
rCorr   .            g - +0 pair of gloves
SInv    .            i - +0 pair of boots
Will    .....        (no amulet)
Stlth   +++          p - ring of poison resistance
HPRegen 0.24/turn    (no ring)
MPRegen 0.11/turn

%: no passive effects
@: very slightly contaminated
A: small, no large weapons, nightstalker 3
a: no special abilities


You were on level 3 of the Dungeon.
You visited 1 branch of the dungeon, and saw 3 of its levels.

You collected 171 gold pieces.

Inventory:

Hand Weapons
 d - a +0 short sword
 h - a +0 rapier (weapon)
 m - a +0 spear
Missiles
 f - 23 stones
 q - 2 boomerangs
Armour
 a - a +0 robe
 g - a +0 pair of gloves (worn)
 i - a +0 pair of boots (worn)
 j - a +0 leather armour (worn)
 k - a +1 helmet (worn)
Jewellery
 c - an amulet of faith
 p - a ring of poison resistance (left hand)
Scrolls
 b - a scroll of identify
 e - 3 scrolls of teleportation
 l - a scroll of silence {unknown}
 n - a scroll of immolation
 o - a scroll of enchant armour {unknown}


   Skills:
 + Level 1.2 Fighting
 + Level 1.9 Short Blades
 + Level 1.0 Throwing
 + Level 3.2 Dodging
 + Level 3.8 Stealth
 + Level 2.6 Spellcasting
 + Level 4.3 Conjurations
 + Level 1.0 Air Magic
 + Level 1.3 Poison Magic


You had 5 spell levels left.
You knew the following spells:

 Your Spells              Type           Power      Damage    Failure   Level
a - Magic Dart            Conj           76%        1d6       4%          1
b - Sting                 Tmut/Pois      20%        1d4       22%         1
c - Poisonous Vapours     Pois/Air       14%        N/A       26%         2

Your spell library contained the following spells:

 Spells                   Type           Power      Damage    Failure   Level
 Searing Ray              Conj           38%        2d5       7%          2
 Dazzling Flash           Conj/Hex       20%        N/A       34%         3
 Fulminant Prism          Conj/Hex       5%         3d6       75%         4
 Iskenderun's Mystic Bla  Conj/Tloc      10%        2d4       75%         4
 Olgreb's Toxic Radiance  Pois           7%         N/A       85%         4


Dungeon Overview and Level Annotations

Branches:
Dungeon (3/15)

Altars:

Shops:
D:1 :


Innate Abilities, Weirdness & Mutations

You are small and have problems with some larger weapons.
You are completely attuned to the shadows.


Message History

The sting hits the orc but does no damage.
The orc is poisoned.
The orc is lightly wounded.
The orc hits you with a +0 war axe.
You hit the orc but do no damage.
The orc is lightly wounded.
The orc hits you with a +0 war axe. The orc attacks as it pursues you!
The orc closely misses you.
You hit the orc but do no damage.
The orc is heavily wounded.
The orc priest mumbles some strange prayers to Beogh against you.
Beogh smites you!
* * * LOW HITPOINT WARNING * * *
The orc closely misses you.
You kill the orc!
Your Air Magic skill increases to level 1!
Casting: Sting (safe; 22% risk of failure)
Confirm with . or Enter, or press ? or * to list all spells.
Aiming: Sting (safe; 22% risk of failure)
Press: ? - help, Shift-Dir - straight line, f - orc priest
Aim: an orc priest, wielding a +0 mace (68% to hit)
The sting hits the orc priest.
The orc priest is poisoned.
The orc priest is moderately wounded.
Casting: Sting (safe; 22% risk of failure)
Confirm with . or Enter, or press ? or * to list all spells.
Aiming: Sting (safe; 22% risk of failure)
Press: ? - help, Shift-Dir - straight line, f/p - orc priest
Aim: an orc priest, wielding a +0 mace (moderately wounded, poisoned, 68% to hit)
You miscast Sting.
You are very lightly contaminated with residual magic.
Nothing appears to happen.
Casting: Sting (safe; 22% risk of failure)
Confirm with . or Enter, or press ? or * to list all spells.
Aiming: Magic Dart (safe; 4% risk of failure)
Press: ? - help, Shift-Dir - straight line, f/p - orc priest
Aim: an orc priest, wielding a +0 mace (heavily wounded, poisoned, 100% to hit)
The magic dart hits the orc priest.
The orc priest is severely wounded.
The orc priest hits you with a +0 mace.
You die...

#.# #)..o# #.###
#.# ....# #)#
....# #.# ....#
#.# ....# #.#
†...# #)#
#.######## #o#
.........# #@#
.........## #.#
..........######.#
.................#
...........#######
...........#
.........#.#
.........#.#
..########.#


You could see an orc priest (poisoned).

Vanquished Creatures
  An orc priest (D:3)
  Jessica (D:2)
  2 adders
  2 worms (D:2)
  2 dart slugs
  3 orcs (D:3)
  5 ball pythons
  6 endoplasms
  A giant cockroach (D:1)
  6 goblins
  5 hobgoblins
  2 jackals (D:3)
  6 kobolds
  4 quokkas
  5 bats
  3 frilled lizards
  A rat (D:1)
55 creatures vanquished.

Notes
Turn   | Place    | Note
-------+----------+-------------------------------------------
     0 | D:1      | thriggle the Kobold Conjurer began the quest for the Orb.
     0 | D:1      | Reached XP level 1. HP: 10/10 MP: 3/3
    40 | D:1      | Learned a level 1 spell: Sting
   108 | D:1      | Reached XP level 2. HP: 10/15 MP: 0/5
   250 | D:1      | Found Qicsotz's Book Shop.
   376 | D:1      | Reached skill level 1 in Short Blades
   376 | D:1      | Reached XP level 3. HP: 19/19 MP: 6/6
  1194 | D:2      | Reached skill level 1 in Poison Magic
  1201 | D:2      | Learned a level 2 spell: Poisonous Vapours
  1330 | D:2      | Reached XP level 4. HP: 24/24 MP: 7/7
  1591 | D:2      | Noticed Jessica
  1600 | D:2      | Killed Jessica
  1925 | D:3      | Reached XP level 5. HP: 28/28 MP: 8/8
  2027 | D:3      | Reached skill level 1 in Fighting
  2423 | D:3      | Reached skill level 1 in Throwing
  2445 | D:3      | Reached skill level 1 in Air Magic
  2447 | D:3      | Slain by an orc priest

Illustrated notes

Levels and vault maps discovered:
D:1:      arrival_zaba_pyramid, layout_loops_ring, serial_shops,
          nicolae_book_shop_shelving
D:2:      layout_basic, minmay_large_rounded_square, chequers_garden,
          kennysheep_minor_cross, uniq_jessica
D:3:      layout_basic, slow_altar_2

Skill      XL: |  1  2  3  4  5 |
---------------+----------------+-----
Stealth        | 3 |  3.8
Short Blades   | 1 |  1.9
Poison Magic   | 1 |  1.3
Dodging        | 3 |  3.2
Fighting       | 1 |  1.2
Throwing       | 1 |  1.0
Air Magic      | 1 |  1.0
Spellcasting   | |  2.6
Conjurations   | |  4.3

Action                     |  1- 3 |  4- 6 || total
---------------------------+-------+-------++-------
  Melee: Unarmed           |     6 |       ||     6
         Short sword       |    35 |       ||    35
         Rapier            |    10 |    46 ||    56
   Cast: Magic Dart        |    20 |     1 ||    21
         Sting             |    16 |    16 ||    32
         Poisonous Vapours |       |     2 ||     2
    Use: Potion            |       |     4 ||     4
         Scroll            |       |     3 ||     3
   Stab: Sleeping          |     9 |     9 ||    18
 Armour: Robe              |    16 |    10 ||    26
         Leather armour    |       |    16 ||    16
  Dodge: Dodged            |    43 |    46 ||    89

Table legend: (Time is in decaauts)
 A = Elapsed time spent in this place.
 B = Non-inter-level travel time spent in this place.
 C = Inter-level travel time spent in this place.
 D = Time resting spent in this place.
 E = Time spent auto-exploring this place.
 F = Levels seen in this place.
 G = Mean time per level.
                   A        B        C        D        E       F      G
               +--------+--------+--------+--------+--------+-----+--------+
         Total |   2431 |   2362 |     69 |      3 |   1380 |   3 |  810.3 |
       Dungeon |   2431 |   2362 |     69 |      3 |   1380 |   3 |  810.3 |
               +--------+--------+--------+--------+--------+-----+--------+

Top non-repeatable levels by time:
     D:1: 959 daAuts
     D:2: 849 daAuts
     D:3: 623 daAuts
